 Dungeon Crawl Stone Soup version 0.14-a0-2474-g7d54a28 (webtiles) character file.

150 Bloax the Covered (level 4, -6/31 HPs)
             Began as a Formicid Fighter on Feb 8, 2014.
             Killed by divine providence
             ... invoked by an orc priest
              (15 damage)
             ... on Level 3 of the Dungeon.
             The game lasted 00:03:10 (747 turns).

Bloax the Covered (Formicid Fighter)                 Turns: 747, Time: 00:03:10

HP  -6/31        AC  8     Str 21      XL: 4   Next: 50%
MP   4/4         EV  6     Int  7      God:
Gold 90          SH 18     Dex 11      Spells:  0 memorised,  3 levels left

rFire  . . .     SeeInvis +     a - +0 mace
rCold  . . .     Clarity  .     b - +0 scale mail
rNeg   . . .     Conserve .     h - +0 orc shield
rPois  x         rCorr    .     (helmet unavailable)
rElec  .         rRot     .     (no cloak)
SustAb . .       Spirit   .     (no gloves)
rMut   .         Warding  .     (no boots)
Saprov . . .     Stasis   +     (no amulet)
MR     .....                    (no ring)
                                (no ring)

@: not resistant to hostile enchantments, extremely unstealthy
A: permanent stasis, dig shafts and tunnels, four strong arms, poison weakness,
antennae 3, exoskeleton 1
a: Dig, Shaft Self


You were on level 3 of the Dungeon.
You were not hungry.

You visited 1 branch of the dungeon, and saw 4 of its levels.

You collected 90 gold pieces.


Innate Abilities, Weirdness & Mutations

Your are under a permanent stasis effect.
You can dig through walls and to a lower floor.
Your four strong arms can wield any weapon, most with a shield.
You are susceptible to poison.
You have a pair of large antennae on your head (SInv).
Your body is surrounded by an exoskeleton. (AC +1)


   Skills:
 - Level 3.0 Fighting
 * Level 3.6 Maces & Flails
 + Level 4.3 Armour
 - Level 3.0 Shields


You had 3 spell levels left.
You didn't know any spells.

Dungeon Overview and Level Annotations

Branches:
Dungeon (4/16)
 Temple: D:4-7

Altars:
Ashenzari
Makhleb
Vehumet
Xom

Inventory:

Hand weapons
 a - a +0,+0 mace (weapon)
 m - a +0,+0 sling
   (You found it on level 2 of the Dungeon)
Missiles
 n - 18 stones (quivered)
Armour
 b - a +0 scale mail (worn)
 h - a +0 orcish shield (worn)
   (You found it on level 1 of the Dungeon)
Comestibles
 d - 2 bread rations
 f - 2 pears
 r - a sausage
Scrolls
 c - 4 scrolls of teleportation {unknown}
 e - a scroll of enchant weapon I {unknown}
 g - a scroll of enchant armour {unknown}
 k - 3 scrolls of remove curse {unknown}
 p - 2 scrolls of blinking {unknown}
Jewellery
 i - an uncursed ring of fire
   (You found it on level 1 of the Dungeon)
Potions
 j - a potion of curing {unknown}
 l - a potion of heal wounds {unknown}
 o - a potion of speed {unknown}
 q - a potion of degeneration {unknown}

. #### .. ....########### ....
####..............##.....
....###.###..............
...##.~#~.##...oo.....# .
..##~.._..7##.##@o....# #.# #.
..#.#.~..7..#.##K.....# #.#.. ..
..^_777_~._~^.##.%....#.#.#..# #.
#.#..#..._#.####......#.#.#..###.
#.##~~....~## #......#.#.#.. ..
...##~...~## ##......#.#.#.. ..
....###^###.. #.........#.#.####.
............. #.........#.#.##...
...........## #.........#.#.#....


You could see an orc priest, 2 orcs and a kobold.


Message History

You enter a teleport trap!
There is a teleport trap here.
A giant cockroach comes into view.
A kobold comes into view. It is wielding a short sword.
You hit the giant cockroach.
The giant cockroach is moderately wounded.
The giant cockroach bites you.
The giant cockroach bites you but does no damage.
An orc comes into view. It is wielding an orcish hand axe.
You barely miss the giant cockroach.
The giant cockroach is moderately wounded.
The giant cockroach barely misses you.
An orc priest comes into view. It is wielding an orcish dagger.
You hit the giant cockroach but do no damage.
The giant cockroach is moderately wounded.
You block the giant cockroach's attack.
The orc priest moves out of view.
The giant cockroach bites you but does no damage.
You hit the giant cockroach but do no damage.
The giant cockroach is moderately wounded.
The giant cockroach bites you but does no damage.
You hit the giant cockroach.
You kill the giant cockroach!
You block the bat's attack. The bat hits you but does no damage.
An orc comes into view. It is wielding an orcish hand axe.
You closely miss the bat. The bat hits you but does no damage.
You block the bat's attack. The bat hits you but does no damage.
The kobold hits you but does no damage. You block the bat's attack.
The orc priest looks braver.
You thump the bat!
You kill the bat!
The kobold hits you but does no damage.
The orc hits you with an orcish hand axe.
The kobold hits you but does no damage.
The orc priest hits you with an orcish dagger.
You block the orc's attack.
You hit the orc priest.
The orc priest is lightly wounded.
You block the orc's attack. The kobold hits you but does no damage.
You block the orc priest's attack. The orc hits you but does no damage.
You hit the orc.
The orc is almost dead.
You block the orc's attack. You block the kobold's attack.
The orc priest calls down the wrath of Beogh upon you.
Something smites you! The orc barely misses you.
The orc hits you with an orcish hand axe.
You closely miss the orc priest.
The orc priest is lightly wounded.
You block the kobold's attack. You block the orc priest's attack.
The orc hits you with an orcish hand axe.
* * * LOW HITPOINT WARNING * * *
The orc completely misses you. The kobold hits you but does no damage.
You hit the orc priest.
The orc priest is heavily wounded.
The orc priest hits you but does no damage.
You block the orc's attack. The kobold hits you but does no damage.
The orc hits you but does no damage. The orc priest barely misses you.
Unknown command.
You hit the orc priest.
The orc priest is heavily wounded.
The kobold hits you but does no damage.
The orc hits you with an orcish hand axe.
* * * LOW HITPOINT WARNING * * *
The orc hits you but does no damage. The orc priest barely misses you.
Unknown command.
Your shield and scale mail prevent you from hitting the orc priest.
The orc priest is heavily wounded.
The kobold hits you but does no damage. You block the orc's attack.
The orc priest calls down the wrath of Beogh upon you.
Something smites you!
You die...

Action                   |  1- 3 |  4- 6 || total
-------------------------+-------+-------++-------
Melee: Mace              |    71 |    35 ||   106
Throw: Stone             |       |     9 ||     9
 Abil: Dig               |     3 |       ||     3

Vault maps used:
D:1:      sevenhm_arrival_forest_fort_small_3
D:2:      grunt_temple_overflow_open, lemuel_round_altar, old_standard_altar
D:3:      old_standard_altar, minitemple, first_bread, xom_redecorated
D:4:      kiku_gazebo_garden_becter, temple_hall, nemelex_spade_bored_becter

Notes
Turn   | Place    | Note
--------------------------------------------------------------
     0 | D:1      | Bloax, the Formicid Fighter, began the quest for the Orb.
     0 | D:1      | Reached XP level 1. HP: 16/16 MP: 1/1
   133 | D:1      | Reached XP level 2. HP: 19/21 MP: 2/2
   310 | D:2      | Found a burning altar of Makhleb.
   340 | D:2      | Found a radiant altar of Vehumet.
   348 | D:2      | Reached skill level 3 in Maces & Flails
   348 | D:2      | Reached skill level 4 in Armour
   348 | D:2      | Reached XP level 3. HP: 23/26 MP: 3/3
   442 | D:2      | Found a shimmering altar of Xom.
   460 | D:2      | Reached XP level 4. HP: 10/31 MP: 4/4
   474 | D:2      | You fall through a shaft for 2 floors!
   474 | D:4      | Noticed an ogre
   474 | D:4      | Noticed an ogre
   484 | D:4      | Noticed an ogre
   518 | D:3      | Found a shattered altar of Ashenzari.
   702 | D:3      | Found a shimmering altar of Xom.
   702 | D:3      | Found a shimmering altar of Xom.
   703 | D:3      | Found a shimmering altar of Xom.
   715 | D:3      | Found a shimmering altar of Xom.
   715 | D:3      | Found a shimmering altar of Xom.
   747 | D:3      | Killed from afar by an orc priest

Vanquished Creatures
  An adder (D:2)
  2 worms
  2 giant geckos (D:2)
  An orc (D:3)
  3 bats
  5 goblins
  8 hobgoblins
  A giant cockroach (D:3)
  2 giant newts
  2 jackals (D:2)
  4 kobolds
  A quokka (D:2)
  4 rats
36 creatures vanquished.
